 Dungeon Crawl Stone Soup version 0.23.1 (webtiles) character file.

Game seed: 7239628649748417328

540 Hasart the Digger (level 7, -1/36 HPs)
             Began as a Deep Elf Earth Elementalist on Mar 2, 2019.
             Was an Initiate of Sif Muna.
             Killed by miscasting Lee's Rapid Deconstruction (15 damage)
             ... on level 4 of the Dungeon.
             The game lasted 00:08:43 (3691 turns).

Hasart the Digger (Deep Elf Earth Elementalist)     Turns: 3691, Time: 00:08:44

Health: -1/36      AC:  2    Str:  5    XL:     7   Next: 5%
Magic:  2/17       EV: 15    Int: 22    God:    Sif Muna [......]
Gold:   238        SH:  0    Dex: 15    Spells: 7/16 levels left

rFire    . . .     SeeInvis .   e - +0 spear
rCold    + . .     Gourm    .   (no shield)
rNeg     . . .     Faith    .   c - +0 robe
rPois    .         Spirit   .   (no helmet)
rElec    .         Reflect  .   (no cloak)
rCorr    +         Harm     .   (no gloves)
MR       .....                  (no boots)
Stlth    ++........             (no amulet)
HPRegen  0.12/turn              h - ring of resist corrosion
MPRegen  0.15/turn              r - ring of protection from cold

@: very slightly contaminated
A: no striking features
a: Renounce Religion


You were on level 4 of the Dungeon.
You worshipped Sif Muna.
Sif Muna was noncommittal.
You were not hungry.

You visited 2 branches of the dungeon, and saw 5 of its levels.

You collected 238 gold pieces.

Inventory:

Hand Weapons
 e - a +0 spear (weapon)
Missiles
 b - 6 stones (quivered)
Armour
 c - a +0 robe (worn)
Jewellery
 h - a ring of resist corrosion (left hand)
 r - a ring of protection from cold (right hand)
 s - an uncursed ring of fire {unknown}
Scrolls
 k - 3 scrolls of identify {unknown}
 n - 6 scrolls of teleportation {unknown}
Potions
 a - 2 potions of degeneration {unknown}
 f - 2 potions of heal wounds {unknown}
 g - 2 potions of invisibility {unknown}
 i - a potion of might {unknown}
 l - a potion of agility {unknown}
 m - a potion of berserk rage {unknown}
 o - 2 potions of magic {unknown}
 p - 2 potions of haste {unknown}
 q - 3 potions of curing {unknown}
 t - a potion of lignification {unknown}
 u - 2 potions of brilliance {unknown}
Comestibles
 d - 5 rations


   Skills:
 + Level 4.6 Dodging
 - Level 2.4 Stealth
 + Level 5.3 Spellcasting
 * Level 3.9 Conjurations
   Level 1.1 Transmutations
 + Level 5.5 Earth Magic
 + Level 0.8 Invocations


You had 7 spell levels left.
You knew the following spells:

 Your Spells              Type           Power        Failure   Level  Hunger
a - Sandblast             Erth           ####..       1%          1    None
b - Stone Arrow           Conj/Erth      ####..       4%          3    ##.....
c - Lee's Rapid Deconstr  Erth           ####......   28%         5    #####..

Your spell library contained the following spells:

 Spells                   Type           Power        Failure   Level  Hunger
 Passwall                 Tmut/Erth      ###.....     3%          2    None
 Petrify                  Tmut/Erth      ###.....     24%         4    ####...


Dungeon Overview and Level Annotations

Branches:
Dungeon (4/15)             Temple (1/1) D:4

Altars:
Ashenzari
Dithmenos
Elyvilon
Fedhas
Gozag
Kikubaaqudgha
Makhleb
Nemelex Xobeh
Okawaru
Ru
Sif Muna
Trog
Xom
Yredelemnul
Zin
The Shining One

Shops:
D:4 %

Annotations:
D:4 Crazy Yiuf


Message History

Crazy Yiuf hits you with a +3 quarterstaff of chaos!
Unknown command.
Unknown command.
Casting: Lee's Rapid Deconstruction (quite dangerous; 28% risk of failure)
Confirm with . or Enter, or press ? or * to list all spells.
Aiming: Lee's Rapid Deconstruction (quite dangerous; 28% risk of failure)
Press: ? - help, Dir - move target cursor A stone wall.
You miscast Lee's Rapid Deconstruction.
You feel earthy.
Crazy Yiuf hits you with a +3 quarterstaff of chaos!
Crazy Yiuf burns you.
Unknown command.
Unknown command.
Casting: Lee's Rapid Deconstruction (quite dangerous; 28% risk of failure)
Confirm with . or Enter, or press ? or * to list all spells.
Aiming: Lee's Rapid Deconstruction (quite dangerous; 28% risk of failure)
Press: ? - help, Dir - move target cursor A stone wall.
You miscast Lee's Rapid Deconstruction.
You are hit by flying rocks!
You die...

.......#....................#...#
....[####...####.....##.....##<.#
#..[.#..^...##.#..##.###.#...####
...#÷............##......#.###
....)...################.....#
...#....# #.....# ........#
♣♣♣♣♣##...### ........# ###
♣♣♣.♣...#....# ..#.....#
#...#♣@.♣.PP......# .###....#
#...'g♣♣♣♣.P....### ###.....#
#)..#♣♣ ♣♣..#..#### ##......# ###
♣♣##..#..# #....#..# ##....#
....##..# #....##
..)###.#################....#
#..##..##.................∩.# ##
##)........................## ##.


You could see Crazy Yiuf.

Vanquished Creatures
  An ogre (D:4)
  A scorpion (D:4)
  An orc priest (D:4)
  A bullfrog skeleton (D:4)
  2 iguanas (D:4)
  2 orc wizards
  A worker ant (D:2)
  Robin (D:4)
  7 adders
  2 oozes
  7 dart slugs
  2 worms
  9 orcs
  6 bats
  4 giant cockroaches
  2 gnoll zombies (D:2)
  12 goblins
  12 hobgoblins
  11 jackals
  4 quokkas
  4 frilled lizards
  A jackal skeleton (D:4)
  8 kobolds
  11 rats
112 creatures vanquished.

Notes
Turn   | Place    | Note
-------+----------+-------------------------------------------
     0 | D:1      | Hasart the Deep Elf Earth Elementalist began the quest for
                  | the Orb.
     0 | D:1      | Reached XP level 1. HP: 10/10 MP: 6/6
    72 | D:1      | Reached XP level 2. HP: 15/15 MP: 6/8
   556 | D:1      | Reached XP level 3. HP: 14/19 MP: 7/10
  1084 | D:2      | Reached XP level 4. HP: 18/24 MP: 2/12
  1159 | D:2      | Learned a level 3 spell: Stone Arrow
  1379 | D:2      | Found an iron altar of Okawaru.
  1392 | D:2      | Reached skill level 1 in Conjurations
  1529 | D:2      | Found a basalt altar of Yredelemnul.
  1685 | D:3      | Found an ancient bone altar of Kikubaaqudgha.
  1859 | D:3      | Reached XP level 5. HP: 28/28 MP: 11/13
  2230 | D:3      | Found a glowing golden altar of the Shining One.
  2256 | D:4      | Noticed an ogre
  2259 | D:4      | Killed an ogre
  2259 | D:4      | Reached skill level 5 in Earth Magic
  2314 | D:4      | Reached XP level 6. HP: 32/32 MP: 9/15
  2418 | D:4      | Noticed Robin
  2419 | D:4      | Found a staircase to the Ecumenical Temple.
  2448 | D:4      | Killed Robin
  2602 | Temple   | Entered the Ecumenical Temple
  2817 | Temple   | Became a worshipper of Sif Muna the Loreminder
  2883 | Temple   | Reached skill level 5 in Spellcasting
  3145 | D:4      | Learned a level 5 spell: Lee's Rapid Deconstruction
  3193 | D:4      | Found a bloodstained altar of Trog.
  3273 | D:4      | Found Ello's Food Emporium.
  3448 | D:4      | Reached XP level 7. HP: 36/36 MP: 9/17
  3594 | D:4      | Found a shattered altar of Ashenzari.
  3634 | D:4      | Found a runed translucent door.
  3635 | D:4      | Noticed Crazy Yiuf
  3691 | D:4      | Killed by miscasting Lee's Rapid Deconstruction

Skill      XL: |  1  2  3  4  5  6 |
---------------+-------------------+-----
Earth Magic    | 4 5 |  5.5
Dodging        | 3 4 |  4.6
Spellcasting   | 4 5 |  5.3
Conjurations   | 1 2 3 |  3.9
Stealth        | |  2.4
Transmutations | |  1.1
Invocations    | |  0.8

Action                   |  1- 3 |  4- 6 |  7- 9 || total
-------------------------+-------+-------+-------++-------
Melee: Spear             |    27 |    18 |     1 ||    46
 Cast: Sandblast         |    47 |   104 |     3 ||   154
       Lee's Rapid Decon |       |     1 |       ||     1
 Stab: Sleeping          |     1 |     2 |       ||     3
  Eat: Chunk             |       |     8 |     1 ||     9
Armor: Robe              |     8 |     7 |     1 ||    16
Dodge: Dodged            |    26 |    40 |       ||    66
